 Dungeon Crawl Stone Soup version 0.29.1-15-g9cfb28693d (webtiles) character file.

Game seed: 6045830687082196620

19666 McKennaii the Zephyrmancer (level 12, -8/81 HPs)
             Began as a Demigod Air Elementalist on Feb 28, 2023.
             Mangled by a manticore (10 damage)
             ... on level 12 of the Dungeon.
             The game lasted 00:34:12 (19643 turns).

McKennaii the Zephyrmancer (DgAE)                  Turns: 19643, Time: 00:34:12

Health: -8/81      AC: 13    Str:  9    XL:     12   Next: 10%
Magic:  1/29       EV: 15    Int: 33    God:
Gold:   529        SH:  5    Dex: 23    Spells: 12/29 levels left

rFire   . . .      SeeInvis .   j - +9 sword of Zonguldrok {reap}
rCold   . . .      Faith    .   (no shield)
rNeg    . . .      Spirit   .   M - +2 robe {Will+}
rPois   .          Reflect  +   r - +0 helmet
rElec   .          Harm     .   D - +0 cloak
rCorr   .          Rampage  .   I - +2 pair of gloves
Will    ++...                   v - +0 pair of boots of the Demonic God {Dex+3}
Stlth   ++........              p - amulet of reflection
HPRegen 0.23/turn               e - ring of flight
MPRegen 0.21/turn               A - +6 ring of dexterity

@: spiked, flying
A: high MP 1, forlorn, divine attributes, iridescent scales 1, shaggy fur 1
a: no special abilities


You were on level 12 of the Dungeon.
You visited 1 branch of the dungeon, and saw 12 of its levels.
You also visited: Sewer and Bailey.

You collected 743 gold pieces.
You spent 214 gold pieces at shops.

Inventory:

Hand Weapons
 j - the +9 sword of Zonguldrok (weapon) {reap}
   (You found it in a bailey)

   Any living foe damaged by it may be reanimated upon death as a zombie
   friendly to the wielder, with an increasing chance as more damage is dealt.
 y - a +0 trident of protection
Missiles
 x - a throwing net
Armour
 r - a +0 helmet (worn)
 v - the +0 pair of boots of the Demonic God (worn) {Dex+3}
   (You acquired it on level 10 of the Dungeon)

   Dex:       It affects your dexterity (+3).
 D - a +0 cloak (worn)
 I - a +2 pair of gloves (worn)
 M - a +2 robe of willpower (worn)
Magical Staves
 f - a staff of fire
Jewellery
 e - a ring of flight (left hand)
 p - an amulet of reflection (around neck)
 A - a +6 ring of dexterity (right hand)
 B - a ring of protection from fire
 G - a ring of fire
 K - a ring of ice
Wands
 a - a wand of iceblast (4)
 g - a wand of acid (10)
 k - a wand of digging (4)
 C - a wand of flame (49)
 Q - a wand of polymorph (5)
Scrolls
 c - 5 scrolls of noise
 d - a scroll of blinking
 h - 4 scrolls of immolation
 i - a scroll of torment
 o - a scroll of silence
 w - 2 scrolls of teleportation
 F - 5 scrolls of enchant weapon
 H - 4 scrolls of vulnerability
 O - 3 scrolls of identify
 P - a scroll of poison {unknown}
Potions
 b - a potion of magic
 l - 2 potions of invisibility
 m - 7 potions of mutation
 n - 5 potions of haste
 q - a potion of cancellation
 s - 5 potions of attraction
 t - 6 potions of might
 u - 3 potions of flight
 z - a potion of lignification
 E - 2 potions of ambrosia
 L - a potion of resistance
 N - 2 potions of curing


   Skills:
 + Level 4.4 Dodging
 - Level 1.7 Stealth
 + Level 9.2 Spellcasting
 + Level 7.7 Conjurations
 * Level 14.0 Air Magic


You had 12 spell levels left.
You knew the following spells:

 Your Spells              Type           Power      Damage    Failure   Level
a - Shock                 Conj/Air       100%       1d9       1%          1
b - Swiftness             Air            83%        N/A       1%          3
c - Airstrike             Air            41%        2d(6-22)  1%          4
d - Lightning Bolt        Conj/Air       36%        1d54      1%          5
e - Summon Lightning Spi  Summ/Air       57%        N/A       1%          4

Your spell library contained the following spells:

 Spells                   Type           Power      Damage    Failure   Level
 Foxfire                  Conj/Fire      100%       2x1d9     1%          1
 Static Discharge         Conj/Air       72%        3-12/arc  1%          2
 Conjure Flame            Conj/Fire      40%        6-21      1%          3
 Blink                    Tloc           30%        N/A       4%          2
 Sublimation of Blood     Necr           15%        N/A       4%          2
 Wereblood                Tmut           15%        N/A       4%          2
 Flame Wave               Conj/Fire      40%        2d11      6%          4
 Inner Flame              Hex/Fire       15%        N/A       10%         3
 Manifold Assault         Tloc           15%        N/A       65%         5
 Storm Form               Tmut/Air       28%        N/A       82%         7
 Summon Hydra             Summ           7%         N/A       100%        7


Dungeon Overview and Level Annotations

Branches:
Dungeon (12/15)            Temple (0/1) D:7            Lair (0/5) D:9
    Orc (0/2) D:12          Sewer (visited)          Bailey (visited)

Shops:
D:1 [   D:4 (   D:6 *

Annotations:
D:3 3 runed translucent doors, Gustavia's ghost, weakling HuNe; McKennaii's ghost, amateur DgEE


Innate Abilities, Weirdness & Mutations

You have an increased reservoir of magic. (+10% MP)
You shall have no god before yourself.
Your divine heritage dramatically boosts your attributes as you level up.
You are partially covered in iridescent scales. (AC +2)
You are covered in fur. (AC +1)


Message History

Aiming: Lightning Bolt (dangerous; 1% risk of failure)
Press: ? - help, Shift-Dir - straight line, f/p - orc warrior
Aim: an orc warrior, wielding a +0 halberd and wearing a +0 plate armour (severely wounded, not watching you, ally target, 64% to hit)
You hear a mighty clap of thunder!
The bolt of lightning misses the manticore.
The bolt of lightning hits the orc warrior!!
You kill the orc warrior!
You hear a shout!
The orc priest hits you but does no damage.
The manticore bites you!
* * * LOW HITPOINT WARNING * * *
The manticore closely misses you. The manticore claws you.
* * * LOW HITPOINT WARNING * * *
Unknown command.
Unknown command.
Casting: Lightning Bolt (dangerous; 1% risk of failure)
Confirm with . or Enter, or press ? or * to list all spells.
Aiming: Lightning Bolt (dangerous; 1% risk of failure)
Press: ? - help, Shift-Dir - straight line, f - manticore
Aim: a manticore (78% to hit)
You hear a mighty clap of thunder!
The bolt of lightning hits the manticore!
The manticore is lightly wounded.
The orc priest barely misses you. The manticore closely misses you.
The manticore claws you but does no damage.
The manticore barely misses you.
Unknown command.
Unknown command.
Casting: Lightning Bolt (dangerous; 1% risk of failure)
Confirm with . or Enter, or press ? or * to list all spells.
Aiming: Lightning Bolt (dangerous; 1% risk of failure)
Press: ? - help, Shift-Dir - straight line, f/p - manticore
Aim: a manticore (lightly wounded, 78% to hit)
You hear a mighty clap of thunder!
The bolt of lightning hits the manticore but does no damage.
The manticore is lightly wounded.
The manticore bites you!!
* * * LOW HITPOINT WARNING * * *
The manticore claws you!
You die...

##.### #....### #..# ...
.......########.##### ...
...........)##...... #...
...........##....). #....
#..........##..Z...
.....##..........##...Z).
..........##..).###.#####
.......o@8##........#
#.....H............#
.......)...)).......#
...........)##..###.#
>...........##..# #.#
..............)..##.#
.................##)#
...........##....##.#
...........# ....#


You could see a manticore, an orc priest (ally target) and a friendly lightning
spire (summoned).

Vanquished Creatures
  Snorg (D:10)
  A hydra (D:11)
  Erolcha (D:9)
  A two-headed ogre (D:10)
  Nergalle (D:11)
  Pikel (D:6)
  A deep elf pyromancer (D:12)
  An orc knight (Bailey)
  A manticore (D:11)
  An ugly thing (D:9)
  Maurice (D:8)
  An unseen horror (D:10)
  Grinder (Sewer)
  10 trolls
  A slime creature (D:12)
  2 shadows
  Sigmund (D:6)
  2 wraiths
  A basilisk (D:11)
  11 yaks
  3 vampire mosquitoes (D:12)
  Menkaure (D:5)
  A water moccasin (D:7)
  8 orc warriors
  A sky beast (D:8)
  2 ice beasts (D:7)
  A centaur (D:7)
  2 lemures (D:6)
  3 kobold brigands
  A bullfrog (D:8)
  A necrophage (D:4)
  2 gnoll sergeants
  2 scorpions
  8 wights
  6 killer bees
  3 howler monkeys (D:7)
  A lava snake (D:8)
  A quasit (Sewer)
  3 hounds
  6 orc priests
  A gnoll bouda (D:8)
  Jessica (D:2)
  2 iguanas (D:5)
  Natasha (thrice) (D:2)
  14 orc wizards
  Robin (D:2)
  17 gnolls
  4 adders
  2 river rats (D:5)
  5 shadow imps
  2 white imps
  2 ufetubi (Sewer)
  2 worms
  2 dart slugs
  49 orcs
  6 bats
  A bat zombie (Sewer)
  2 endoplasms
  9 giant cockroaches
  14 goblins
  10 hobgoblins
  3 jackals
  25 kobolds
  5 quokkas
  2 ball pythons
  2 frilled lizards
  7 rats
290 creatures vanquished.

Vanquished Creatures (collateral kills)
  A boulder beetle (D:7)
  A deep troll (D:9)
  A deep elf pyromancer (D:11)
  2 trolls (D:9)
  9 yaks
  A wyvern (D:9)
  A water moccasin (D:9)
  5 orc warriors (Bailey)
  A centaur (D:11)
  A bullfrog (D:9)
  A gnoll sergeant (D:9)
  11 killer bees
  A howler monkey (D:9)
  An orc priest (D:9)
  A gnoll bouda (D:10)
  An orc wizard (D:12)
  4 gnolls
  10 orcs
53 creatures vanquished.

Vanquished Creatures (others)
  An elf zombie (D:12)
  A yak zombie (D:12)
  3 orc zombies (D:12)
  A bat zombie (Sewer)
  A giant cockroach zombie (Sewer)
  A kobold zombie (Sewer)
  6 withered plants (D:3)
14 creatures vanquished.

Grand Total: 357 creatures vanquished

Notes
Turn   | Place    | Note
-------+----------+-------------------------------------------
     0 | D:1      | McKennaii the Demigod Air Elementalist began the quest for
                  | the Orb.
     0 | D:1      | Reached XP level 1. HP: 14/14 MP: 5/5
    55 | D:1      | Reached skill level 1 in Conjurations
   362 | D:1      | Reached skill level 3 in Air Magic
   609 | D:1      | Reached XP level 2. HP: 20/20 MP: 5/7
  1070 | D:1      | Found Gomosag's Armour Boutique.
  1238 | D:2      | Noticed Robin
  1362 | D:2      | Noticed Jessica
  1373 | D:2      | Killed Jessica
  1374 | D:2      | Reached XP level 3. HP: 25/26 MP: 0/9
  1749 | D:2      | Noticed Natasha
  1759 | D:2      | Killed Natasha
  1760 | D:2      | Reached XP level 4. HP: 15/33 MP: 3/10
  1931 | D:2      | Noticed Natasha
  1940 | D:2      | Killed Natasha
  1941 | D:2      | Reached skill level 4 in Air Magic
  1941 | D:2      | Noticed Natasha
  1946 | D:2      | Killed Natasha
  2098 | D:2      | Killed Robin
  2573 | D:3      | Noticed McKennaii's ghost (amateur DgEE)
  2573 | D:3      | Noticed Gustavia's ghost (weakling HuNe)
  2573 | D:3      | Found a runed translucent gate.
  2573 | D:3      | Found a runed translucent gate.
  2573 | D:3      | Found a runed translucent gate.
  2591 | D:3      | Reached XP level 5. HP: 38/38 MP: 8/11
  2680 | D:3      | Learned a level 3 spell: Swiftness
  2685 | D:3      | Learned a level 4 spell: Airstrike
  4042 | D:4      | Found Faeb's Antique Weapon Boutique.
  4623 | D:4      | Reached XP level 6. HP: 15/45 MP: 2/13
  4624 | D:4      | Reached skill level 5 in Air Magic
  4861 | D:4      | You are sucked into a shaft and drop 3 floors!
  5092 | D:5      | Entered Level 5 of the Dungeon
  5092 | D:5      | Noticed Menkaure
  5097 | D:5      | Killed Menkaure
  5385 | D:5      | Reached skill level 6 in Air Magic
  5385 | D:5      | Reached XP level 7. HP: 16/50 MP: 5/16
  5595 | D:5      | Found a glowing drain.
  5600 | Sewer    | Entered a sewer
  6138 | Sewer    | Noticed Grinder
  6139 | Sewer    | Paralysed by Grinder for 2 turns
  6145 | Sewer    | Paralysed by Grinder for 5 turns
  6225 | Sewer    | Paralysed by Grinder for 3 turns
  6229 | Sewer    | Killed Grinder
  6327 | Sewer    | Reached skill level 7 in Air Magic
  7726 | D:6      | Reached XP level 8. HP: 57/57 MP: 15/18
  7765 | D:6      | Identified the +0 scale mail of Ryoseq {rPois}
  7784 | D:6      | Found Vozawk's Assorted Antiques.
  7921 | D:1      | Bought a +2 pair of gloves for 214 gold pieces
  8907 | D:6      | Noticed Sigmund
  8918 | D:6      | Killed Sigmund
  8919 | D:6      | Reached skill level 5 in Spellcasting
  8919 | D:6      | Reached skill level 8 in Air Magic
  9666 | D:7      | Noticed Pikel
  9750 | D:6      | Killed Pikel
  9751 | D:6      | Reached skill level 9 in Air Magic
 10006 | D:7      | Found a staircase to the Ecumenical Temple.
 10095 | D:7      | Noticed a boulder beetle
 10644 | D:7      | Reached XP level 9. HP: 49/62 MP: 12/21
 11390 | D:8      | Reached skill level 10 in Air Magic
 11767 | D:8      | Noticed Maurice
 11774 | D:8      | Killed Maurice
 12411 | D:8      | Gained mutation: You are dopey. (Int -2) [potion of
                  | mutation]
 12411 | D:8      | Gained mutation: You are agile. (Dex +4, Str/Int -1)
                  | [potion of mutation]
 12805 | D:8      | Learned a level 5 spell: Lightning Bolt
 12919 | D:8      | Learned a level 4 spell: Summon Lightning Spire
 13270 | D:7      | Lost mutation: You are agile. (Dex +4, Str/Int -1) [potion
                  | of mutation]
 13270 | D:7      | Lost mutation: You are dopey. (Int -2) [potion of mutation]
 13270 | D:7      | Gained mutation: You are covered in fur. (AC +1) [potion of
                  | mutation]
 13270 | D:7      | Gained mutation: You are partially covered in iridescent
                  | scales. (AC +2) [potion of mutation]
 13685 | D:7      | Killed a boulder beetle
 13686 | D:7      | Reached skill level 11 in Air Magic
 13686 | D:7      | Reached XP level 10. HP: 47/69 MP: 1/24
 13913 | D:9      | Noticed a green ugly thing
 13919 | D:9      | Killed a green ugly thing
 13920 | D:9      | Reached skill level 5 in Conjurations
 14090 | D:9      | Noticed Erolcha
 14094 | D:9      | Killed Erolcha
 14209 | D:9      | Reached skill level 12 in Air Magic
 14425 | D:9      | Found a flagged portal.
 14472 | Bailey   | Entered a bailey
 15100 | Bailey   | Found the +9 sword of Zonguldrok {reap}
 15100 | Bailey   | Noticed an orc knight
 15109 | Bailey   | Killed an orc knight
 15478 | D:9      | Found a staircase to the Lair.
 15655 | D:9      | Reached XP level 11. HP: 72/74 MP: 16/27
 15731 | D:9      | Noticed a deep troll
 15738 | D:9      | Killed a deep troll
 16049 | D:10     | Entered Level 10 of the Dungeon
 16147 | D:10     | Identified a scroll of acquirement
 16148 | D:10     | Acquired the +0 pair of boots of the Demonic God {Dex+3}
 16169 | D:10     | Noticed a two-headed ogre
 16177 | D:10     | Killed a two-headed ogre
 16409 | D:10     | Noticed Snorg
 16417 | D:10     | Killed Snorg
 16418 | D:10     | Reached skill level 13 in Air Magic
 18103 | D:11     | Noticed a six-headed hydra
 18106 | D:11     | Killed a six-headed hydra
 18121 | D:11     | Noticed a deep elf pyromancer
 18287 | D:11     | Killed a deep elf pyromancer
 18319 | D:11     | Noticed Nergalle
 18336 | D:11     | Killed Nergalle
 18980 | D:12     | Reached XP level 12. HP: 81/81 MP: 1/29
 18980 | D:12     | Noticed a two-headed ogre
 19116 | D:12     | Noticed a boulder beetle
 19471 | D:12     | Reached skill level 14 in Air Magic
 19630 | D:12     | Found a staircase to the Orcish Mines.
 19643 | D:12     | HP: 2/81 [manticore (20)]
 19643 | D:12     | Mangled by a manticore

Illustrated notes

Levels and vault maps discovered:
D:1:      heliophobic_arrival_enchanted_forest, layout_basic, serial_shops,
          nicolae_shop_waterfront, basic_ecumenical_altar
D:2:      layout_rooms, uniq_robin, uniq_natasha, uniq_jessica
D:3:      layout_basic, gammafunk_ghost_cemetery
D:4:      layout_basic, serial_shops, shop
D:5:      layout_cave_pods, nzn_wu_jian_council_hall, gup_sewer_entry_spiral,
          uniq_menkaure
D:6:      mumra_celtic_spiral_tile, layout_layer_cave, serial_shops, shop,
          uniq_sigmund
D:7:      layout_basic, temple_hall, uniq_pikel
D:8:      layout_gridville, kennysheep_crisscross, grunt_decor_junction,
          uniq_maurice
D:9:      lemuel_troll_bridge, layout_irregular_city, amcnicky_altar_gilded,
          dpeg_oklobed_lair, enter_bailey_2, uniq_erolcha
D:10:     layout_gridville, uniq_snorg
D:11:     layout_roguey, uniq_nergalle
D:12:     minmay_nested_s, layout_basic, erik_orc_4

Skill      XL: |  1  2  3  4  5  6  7  8  9 10 11 12 |
---------------+-------------------------------------+-----
Conjurations   | 1 2 3 4 6 7 |  7.7
Air Magic      | 3 4 6 7 9 11 12 13 14 | 14.0
Spellcasting   | 2 3 4 6 7 8 9 |  9.2
Dodging        | 4 |  4.4
Stealth        | |  1.7

Action                   |  1- 3 |  4- 6 |  7- 9 | 10-12 || total
-------------------------+-------+-------+-------+-------++-------
Melee: Staff             |    14 |     7 |       |       ||    21
       Trident           |       |     9 |    52 |    32 ||    93
       Double sword      |       |       |       |    45 ||    45
       Punch             |       |       |       |     1 ||     1
 Cast: Shock             |    70 |   153 |   289 |    99 ||   611
       Airstrike         |       |       |    39 |    72 ||   111
       Summon Lightning  |       |       |     5 |    32 ||    37
       Swiftness         |       |       |     1 |       ||     1
       Lightning Bolt    |       |       |       |    43 ||    43
Evoke: Wand              |       |       |     3 |     2 ||     5
  Use: Scroll            |       |     8 |     7 |     8 ||    23
       Potion            |       |       |    10 |     1 ||    11
 Stab: Distracted        |       |       |       |     2 ||     2
Armor: Robe              |     7 |    10 |    55 |    58 ||   130
Dodge: Dodged            |    26 |    36 |    83 |    96 ||   241
Block: Other             |       |       |       |    20 ||    20
       Reflection        |       |       |       |     1 ||     1
